 Dungeon Crawl Stone Soup version 0.30.1-11-g7821555f0a (webtiles) character file.

Game seed: 13668436522043540540

454 ChrisAssaf the Grave Robber (level 6, -3/26 HPs)
             Began as a Felid Necromancer on Dec 18, 2023.
             Was an Elder of Wu Jian.
             Slain by a bullfrog zombie (5 damage)
             ... in an ossuary.
             The game lasted 00:20:35 (5060 turns).

ChrisAssaf the Grave Robber (Felid Necromancer)     Turns: 5060, Time: 00:20:36

Health: -3/26      AC:  2    Str:  6    XL:     6   Next: 76%
Magic:  12/12      EV: 18    Int: 17    God:    Wu Jian [****..]
Gold:   225        SH:  0    Dex: 16    Spells: 0/12 levels left
                                        Lives:  0   Deaths: 1

rFire   . .          .
                       - Unarmed
rCold   . . .        (shield unavailable)
rNeg    . . .        (body armour unavailable)
rPois   +            (helmet unavailable)
rElec   .            (cloak unavailable)
rCorr   .            (gloves unavailable)
SInv    +            (boots unavailable)
Will    .....        (no amulet)
Stlth   +++          l - ring of poison resistance
HPRegen 0.24/turn    (no ring)
MPRegen 0.13/turn

%: no passive effects
@: quick
A: very small, claws 1, fangs 3, see invisible, speed 1, shaggy fur 2, stealthy
paws, no weapons or thrown items, no armour, multi-lived
a: Renounce Religion, Wall Jump, Serpent's Lash


You were in an ossuary.
You worshipped Wu Jian.
Wu Jian was greatly pleased with you.
You visited 1 branch of the dungeon, and saw 4 of its levels.
You also visited: Sewer and Ossuary.

You collected 225 gold pieces.

Inventory:

Jewellery
 l - a ring of poison resistance (left paw)
Wands
 i - a wand of charming (2)
Scrolls
 b - 3 scrolls of magic mapping
 c - a scroll of fog
 f - 3 scrolls of amnesia
 g - 4 scrolls of teleportation
Potions
 e - a potion of brilliance
 n - a potion of ambrosia {unknown}


   Skills:
 * Level 2.0 Fighting
 * Level 4.2 Dodging
 * Level 4.4 Stealth
 * Level 3.0 Unarmed Combat
 * Level 3.9 Spellcasting
 * Level 0.8 Summonings
 * Level 5.5 Necromancy
 * Level 0.7 Transmutations
 * Level 0.6 Fire Magic
 * Level 0.6 Poison Magic
 * Level 0.7 Evocations


You couldn't memorise any spells.
You knew the following spells:

 Your Spells              Type           Power      Damage    Failure   Level
a - Necrotise             Necr           88%        1d8       1%          1
b - Vampiric Draining     Necr           22%        2d7       4%          3
c - Animate Dead          Necr           22%        N/A       16%         4
d - Summon Small Mammal   Summ           24%        N/A       12%         1
e - Ignite Poison         Fire/Tmut/Pois 5%         N/A       34%         3

Your spell library contained the following spells:

 Spells                   Type           Power      Damage    Failure   Level
 Apportation              Tloc           6%         N/A       16%         1
 Shock                    Conj/Air       12%        1d3       16%         1
 Call Canine Familiar     Summ           6%         N/A       34%         3
 Summon Guardian Golem    Hex/Summ       4%         N/A       38%         3
 Agony                    Necr           22%        N/A       41%         5
 Dazzling Flash           Conj/Hex       6%         N/A       43%         3
 Swiftness                Air            3%         N/A       43%         3
 Tukima's Dance           Hex            3%         N/A       43%         3
 Sticky Flame             Conj/Fire      4%         2d3       80%         4
 Airstrike                Air            1%         2d(1-17)  85%         4
 Passage of Golubria      Tloc           3%         N/A       85%         4
 Yara's Violent Unravell  Hex/Tmut       2%         3d3       98%         5
 Silence                  Hex/Air        1%         N/A       99%         5
 Ignition                 Fire           2%         3d3       100%        8


Dungeon Overview and Level Annotations

Branches:
Dungeon (4/15)              Sewer (visited)         Ossuary (1/1)
 Temple: D:4-7

Altars:
Wu Jian


Innate Abilities, Weirdness & Mutations

You have sharp claws.
You have razor-sharp teeth.
You have supernaturally acute eyesight. (SInv)
You cover ground quickly. (Speed+)
You are covered in thick fur. (AC +2)
Your paws help you pounce on unaware monsters.
You are incapable of wielding weapons or throwing items.
You cannot wear armour.
You gain extra lives every three experience levels.


Message History

The centaur zombie hits you but does no damage.
The centaur zombie kicks you but does no damage.
The centaur zombie hits you but does no damage.
The centaur zombie kicks you but does no damage.
The bullfrog zombie hits you but does no damage.
You hit the centaur zombie.
The centaur zombie is severely damaged.
The centaur zombie hits you but does no damage.
The centaur zombie completely misses you.
The centaur zombie hits you but does no damage.
The centaur zombie completely misses you. x2
The centaur zombie kicks you but does no damage.
The bullfrog zombie hits you but does no damage.
The centaur zombie hits you but does no damage.
The centaur zombie kicks you but does no damage.
The centaur zombie hits you but does no damage.
The centaur zombie kicks you but does no damage.
Unknown command.
You smack the centaur zombie!
You destroy the centaur zombie!
The Council accepts your kill.
The centaur zombie hits you but does no damage.
The centaur zombie kicks you but does no damage.
The bullfrog zombie hits you but does no damage.
The centaur zombie hits you but does no damage.
The centaur zombie kicks you but does no damage.
The centaur zombie hits you but does no damage.
The centaur zombie barely misses you.
The bullfrog zombie hits you but does no damage.
Your Unarmed Combat skill increases to level 3!
It was a potion of cancellation.
Your magical effects are unravelling.
You feel magically purged.
You feel less wooden.
You feel a little less mighty now. The centaur zombie barely misses you.
The centaur zombie completely misses you.
The centaur zombie misses you.
The centaur zombie kicks you but does no damage.
The bullfrog zombie hits you.
You die...

#......# .... #......##
#.... #.......## #.....
#........### ###.....Z
#.....8....#####....8...
#....8#8.....'.....8#8..
#.....8...Z..'......8...
##.......ZZZZ'..........
##.......@.###.........
##........# #........#
########## ##########


You could see a bullfrog zombie, a scorpion zombie, 2 centaur zombies and a
human zombie.

Vanquished Creatures
  3 kobold brigands (Sewer)
  3 centaur zombies (Ossuary)
  Natasha (thrice) (D:3)
  A scorpion zombie (Ossuary)
  2 ogre zombies (Ossuary)
  A mummy (D:4)
  A gnoll (D:2)
  2 river rats (Sewer)
  3 adders
  4 adder zombies (Ossuary)
  A worm (D:3)
  4 dart slugs
  4 orcs (D:3)
  11 ball pythons
  7 endoplasms
  5 giant cockroaches
  3 gnoll zombies (Ossuary)
  4 goblins
  7 hobgoblins
  7 jackals
  2 quokkas
  4 bats
  6 frilled lizards
  2 goblin zombies (Ossuary)
  3 hobgoblin zombies (Ossuary)
  19 kobolds
  4 orc zombies (Ossuary)
  23 rats
139 creatures vanquished.

Vanquished Creatures (collateral kills)
  2 gnolls (D:2)
  An adder (D:2)
  An endoplasm (D:2)
  A goblin (D:1)
  A hobgoblin (D:2)
  A kobold (Sewer)
  A bat (D:1)
  5 rats
13 creatures vanquished.

Vanquished Creatures (others)
  A kobold (D:2)
  5 kobold zombies
  A rat zombie (D:2)
7 creatures vanquished.

Grand Total: 159 creatures vanquished

Notes
Turn   | Place    | Note
-------+----------+-------------------------------------------
     0 | D:1      | ChrisAssaf the Felid Necromancer began the quest for the
                  | Orb.
     0 | D:1      | Reached XP level 1. HP: 7/7 MP: 4/4
   155 | D:1      | Reached XP level 2. HP: 8/11 MP: 1/6
   465 | D:2      | Found a faded altar of an unknown god.
   483 | D:2      | Prayed at the altar of an unknown god.
   483 | D:2      | Became a worshipper of the Wu Jian Council
   483 | D:2      | Reached * piety under Wu Jian
   620 | D:2      | Reached XP level 3. HP: 10/15 MP: 3/7
   624 | D:2      | Learned a level 3 spell: Vampiric Draining
   843 | D:3      | Noticed Natasha
   847 | D:3      | Killed Natasha
   848 | D:3      | Reached skill level 1 in Unarmed Combat
   848 | D:3      | Reached XP level 4. HP: 18/18 MP: 8/8
  1010 | D:3      | Found a glowing drain.
  1022 | D:3      | Reached ** piety under Wu Jian
  1049 | Sewer    | Entered a sewer
  1087 | Sewer    | Learned a level 4 spell: Animate Dead
  1150 | Sewer    | Reached skill level 1 in Fighting
  1328 | Sewer    | Reached XP level 5. HP: 15/22 MP: 1/10
  1359 | Sewer    | Reached skill level 5 in Necromancy
  1378 | Sewer    | Gained mutation: You are covered in thick fur. (AC +2)
                  | [Felid growth]
  1378 | Sewer    | Reached XP level 6. HP: 15/25 MP: 0/12
  1458 | Sewer    | Reached *** piety under Wu Jian
  2087 | D:3      | Learned a level 1 spell: Summon Small Mammal
  2123 | D:3      | Noticed Natasha
  2138 | D:3      | Killed Natasha
  2283 | D:3      | Learned a level 3 spell: Ignite Poison
  2391 | D:3      | Noticed Natasha
  2414 | D:3      | Killed Natasha
  3706 | D:1      | Reached **** piety under Wu Jian
  4591 | D:4      | Found a sand-covered staircase.
  4606 | D:4      | Slain by a mummy
  4607 | D:4      | Reached XP level 5. HP: -2/22 MP: 10/11
  4665 | D:4      | Reached XP level 6. HP: 19/26 MP: 12/12
  4699 | Ossuary  | Entered an ossuary
  5060 | Ossuary  | Slain by a bullfrog zombie

Illustrated notes

Levels and vault maps discovered:
D:1:      dpeg_arrival_circle_labyrinth_c, layout_basic
D:2:      layout_basic, shapermc_ecumenical_altar_ellora, minmay_bisected
D:3:      layout_basic, cheibrodos_sewer_entry_drain, minmay_joined_circles,
          uniq_natasha
D:4:      layout_basic, kennysheep_vampire_church, gup_ossuary_entry_pyramid
Ossuary:  ossuary_hellmonk_silent_tomb

Skill      XL: |  1  2  3  4  5  6 |
---------------+-------------------+-----
Stealth        | 3 4 |  4.4
Dodging        | 3 4 |  4.2
Unarmed Combat | 1 2 3 |  3.0
Fighting       | 1 2 |  2.0
Spellcasting   | 3 |  3.9
Necromancy     | 5 |  5.5
Summonings     | |  0.8
Transmutations | |  0.7
Fire Magic     | |  0.6
Poison Magic   | |  0.6
Evocations     | |  0.7

Action                     |  1- 3 |  4- 6 || total
---------------------------+-------+-------++-------
  Melee: Unarmed           |    49 |   308 ||   357
         Bite              |     7 |    40 ||    47
         Punch             |     1 |     5 ||     6
   Cast: Necrotise         |    26 |    47 ||    73
         Vampiric Draining |     2 |    21 ||    23
         Animate Dead      |       |     4 ||     4
         Summon Small Mamm |       |     1 ||     1
Ability: Lunge             |     3 |    25 ||    28
         Whirlwind         |     1 |    26 ||    27
         Wall Jump         |       |     6 ||     6
  Evoke: Wand              |       |     3 ||     3
    Use: Scroll            |     4 |     5 ||     9
         Potion            |     3 |    13 ||    16
   Stab: Sleeping          |     3 |    13 ||    16
         Distracted        |       |     1 ||     1
 Armour: Skin              |     6 |    75 ||    81
  Dodge: Dodged            |    63 |   325 ||   388
